 Dungeon Crawl Stone Soup version 0.28.0-49-g6dfe1f597d (webtiles) character file.

Game seed: 16084432717680896519

1715 Exodus22XD the Cleaver (level 8, -1/70 HPs)
             Began as a Minotaur Fighter on May 14, 2022.
             Was a Priest of Zin.
             Slain by a seven-headed hydra (10 damage)
             ... on level 6 of the Dungeon.
             The game lasted 00:07:26 (6525 turns).

Exodus22XD the Cleaver (Minotaur Fighter)           Turns: 6525, Time: 00:07:26

Health: -1/70      AC: 13    Str: 23    XL:     8   Next: 74%
Magic:  10/10      EV:  8    Int:  5    God:    Zin [***...]
Gold:   270        SH:  5    Dex: 10    Spells: 7/7 levels left

rFire   . . .      SeeInvis .   m - +1 flail (vorpal)
rCold   . . .      Faith    .   c - +0 buckler
rNeg    . . .      Spirit   .   u - +0 chain mail
rPois   +          Reflect  .   (helmet restricted)
rElec   .          Harm     .   n - +0 cloak
rCorr   .          Rampage  .   (no gloves)
Will    .....                   b - +0 pair of boots
Stlth   ..........              (no amulet)
HPRegen 0.21/turn               l - ring of poison resistance
MPRegen 0.12/turn               (no ring)

@: no status effects
A: horns 2, retaliatory headbutt
a: Renounce Religion, Recite, Vitalisation, Imprison, Donate Gold


You were on level 6 of the Dungeon.
You worshipped Zin.
Zin was most pleased with you.
You visited 1 branch of the dungeon, and saw 6 of its levels.

You collected 300 gold pieces.
You donated 30 gold pieces to Zin.

Inventory:

Hand Weapons
 a - a +0 war axe
 m - a +1 vorpal flail (weapon)
 s - a +0 vorpal flail
Missiles
 t - a throwing net (quivered)
Armour
 b - a +0 pair of boots (worn)
 c - a +0 buckler (worn)
 n - a +0 cloak (worn)
 u - a +0 chain mail (worn)
Jewellery
 l - a ring of poison resistance (left hand)
Wands
 w - a wand of charming (8)
 x - a wand of iceblast (9)
Scrolls
 e - 2 scrolls of enchant weapon {unknown}
 h - a scroll of fog {unknown}
 i - 2 scrolls of enchant armour {unknown}
 j - 2 scrolls of teleportation
 k - 7 scrolls of identify
 p - a scroll of blinking {unknown}
 v - a scroll of vulnerability {unknown}
Potions
 d - 3 potions of might
 f - 5 potions of curing {unknown}
 g - 2 potions of degeneration {unknown}
 o - a potion of attraction {unknown}
 q - a potion of lignification {unknown}
 r - a potion of ambrosia {unknown}


   Skills:
 + Level 5.7 Fighting
 + Level 8.4(8.5) Axes
 + Level 1.6(5.5) Maces & Flails
 + Level 7.5 Armour
 + Level 5.1 Shields
 * Level 4.6 Invocations


You had 7 spell levels left.
You didn't know any spells.
Your spell library was empty.

Dungeon Overview and Level Annotations

Branches:
Dungeon (6/15)
 Temple: D:4-7

Altars:
Zin
The Shining One


Innate Abilities, Weirdness & Mutations

You have a pair of horns on your head.
You reflexively headbutt those who attack you in melee.


Message History

The white imp shouts!
The white imp gestures at you.
The puff of frost hits you but does no damage.
The white imp gestures at you. The puff of frost hits you.
You slash the white imp!
You kill the white imp!
No target in view!
No target in view!
You pay a tithe of 1 gold.
You now have 270 gold pieces (gained 8).
You hear a distant slurping noise.
A seven-headed hydra comes into view.
The seven-headed hydra roars!
A water moccasin comes into view.
Okay, then.
m - a +1 vorpal flail (weapon)
The water moccasin hisses angrily.
The seven-headed hydra bites you! The seven-headed hydra bites you.
The seven-headed hydra bites you but does no damage.
The seven-headed hydra bites you.
The seven-headed hydra bites you but does no damage.
The seven-headed hydra completely misses you.
The seven-headed hydra bites you!
You barely miss the seven-headed hydra. You headbutt the seven-headed hydra.
The seven-headed hydra is lightly wounded.
The seven-headed hydra bites you.
The seven-headed hydra bites you but does no damage.
The seven-headed hydra bites you!
You block the seven-headed hydra's attack.
The seven-headed hydra bites you but does no damage.
The seven-headed hydra bites you!
* * * LOW HITPOINT WARNING * * *
The seven-headed hydra bites you but does no damage.
You thump the seven-headed hydra!
The seven-headed hydra is moderately wounded.
The seven-headed hydra bites you!
* * * LOW HITPOINT WARNING * * *
The seven-headed hydra bites you!
You die...

#......... ... #.....
+......... ... .....
#......... ... ....
#......... ...
...#####....#####
###.###..#........#...#
#.....#..#........+...#
.#....S#..#>.......#...#
......D@..+........#...#
.#.....#.##........#...#
#.....#...........#(..#
###.#####.###.....#...#
#.. #.....#.....#...#
.#.. .#.8.8.#)....#'###
.... .....8.............
.#.....#.8.8.#..........
#...##.....#..........


You could see a seven-headed hydra and a water moccasin.

Vanquished Creatures
  Sigmund (D:4)
  Menkaure (D:4)
  A water moccasin (D:5)
  2 ice beasts
  An ogre (D:4)
  A phantom (D:6)
  A gnoll sergeant (D:6)
  4 scorpions
  A water moccasin skeleton (D:4)
  4 orc priests
  A bullfrog skeleton (D:4)
  2 hounds
  2 jellies
  A centaur skeleton (D:4)
  2 iguanas (D:4)
  2 orc wizards
  5 adders
  10 gnolls
  A white imp (D:6)
  An adder skeleton (D:4)
  2 dart slugs
  4 worms
  19 orcs
  10 endoplasms
  5 giant cockroaches
  5 hobgoblins
  A quokka (D:4)
  11 ball pythons
  4 bats
  2 frilled lizards
  6 goblins
  6 kobolds
  6 rats
125 creatures vanquished.

Vanquished Creatures (others)
  3 plants (D:1)
3 creatures vanquished.

Grand Total: 128 creatures vanquished

Notes
Turn   | Place    | Note
-------+----------+-------------------------------------------
     0 | D:1      | Exodus22XD the Minotaur Fighter began the quest for the
                  | Orb.
     0 | D:1      | Reached XP level 1. HP: 19/19 MP: 0/0
   247 | D:1      | Reached XP level 2. HP: 24/27 MP: 1/1
   860 | D:2      | Reached XP level 3. HP: 33/33 MP: 2/2
   879 | D:2      | Reached skill level 3 in Axes
   879 | D:2      | Noticed an eye of devastation
   881 | D:2      | Found a faded altar of an unknown god.
   882 | D:2      | Noticed a golden eye
   882 | D:2      | Noticed a shining eye
   882 | D:2      | Noticed a golden eye
   887 | D:2      | Prayed at the altar of an unknown god.
   887 | D:2      | Became a worshipper of Zin the Law-Giver
   887 | D:2      | Reached * piety under Zin
  1208 | D:2      | Reached XP level 4. HP: 18/40 MP: 3/3
  1695 | D:2      | Reached ** piety under Zin
  2121 | D:3      | Reached skill level 1 in Invocations
  2315 | D:3      | Reached skill level 4 in Axes
  2315 | D:3      | Reached skill level 5 in Armour
  2315 | D:3      | Reached XP level 5. HP: 36/46 MP: 4/4
  2954 | D:4      | Reached skill level 5 in Axes
  2954 | D:4      | Reached XP level 6. HP: 24/53 MP: 6/6
  3441 | D:4      | Noticed an ice beast
  3448 | D:4      | Killed an ice beast
  3449 | D:4      | Reached skill level 6 in Axes
  3449 | D:4      | Reached XP level 7. HP: 32/60 MP: 6/8
  3988 | D:4      | Found a glowing golden altar of the Shining One.
  4009 | D:4      | Noticed Sigmund
  4020 | D:4      | Killed Sigmund
  4089 | D:4      | Reached skill level 1 in Maces & Flails
  4093 | D:4      | Reached skill level 5 in Fighting
  4289 | D:4      | Reached skill level 7 in Axes
  4495 | D:4      | Reached XP level 8. HP: 65/68 MP: 9/9
  4579 | D:4      | Noticed Menkaure
  4586 | D:4      | HP: 2/68 [Menkaure (4)]
  4588 | D:4      | Killed Menkaure
  4989 | D:5      | Entered Level 5 of the Dungeon
  5043 | D:5      | Reached *** piety under Zin
  5509 | D:5      | Identified the +0 robe of the Villain {rPois Int+4 SInv}
  5547 | D:5      | Reached skill level 8 in Axes
  5547 | D:5      | Reached skill level 5 in Shields
  6521 | D:6      | Noticed a seven-headed hydra
  6525 | D:6      | Slain by a seven-headed hydra

Illustrated notes

Levels and vault maps discovered:
D:1:      kennysheep_arrival_forest, layout_basic, chequers_big_river,
          minmay_tromino_i4
D:2:      layout_loops_ring, hellmonk_ecumenical_altar_watching_god,
          kennysheep_cross_bottleneck
D:3:      layout_basic
D:4:      minmay_octagon_keep, layout_rooms, mainiacjoe_overflow_24_doors,
          uniq_menkaure, uniq_sigmund
D:5:      layout_cave_pools, nicolae_figureground_sparkle
D:6:      layout_gridville, lemuel_round_altar, minmay_chambers_of_fives

Skill      XL: |  1  2  3  4  5  6  7  8 |
---------------+-------------------------+-----
Armour         | 4 5 6 7 |  7.5
Fighting       | 4 5 |  5.7
Shields        | 4 5 |  5.1
Axes           | 3 4 5 6 7 8 |  8.4
Invocations    | 1 2 3 4 |  4.6
Maces & Flails | 1 |  1.6

Action                   |  1- 3 |  4- 6 |  7- 9 || total
-------------------------+-------+-------+-------++-------
Melee: War axe           |    89 |   105 |   128 ||   322
       Headbutt          |     9 |    19 |    23 ||    51
       Flail             |       |       |    17 ||    17
Invok: Vitalisation      |       |     1 |       ||     1
       Recite            |       |       |     1 ||     1
  Use: Scroll            |       |       |     2 ||     2
Armor: Scale mail        |    42 |    42 |     8 ||    92
       Chain mail        |       |       |    78 ||    78
Dodge: Dodged            |    51 |    49 |    70 ||   170
Block: Buckler           |    25 |    19 |    24 ||    68
